 Dungeon Crawl Stone Soup version 0.21.0-3-g78d12a8bdd (webtiles) character file.

63 BrokenGlass the Ruffian (level 4, -1/31 HPs)
             Began as an Octopode Fighter on Jan 15, 2018.
             Slain by a goblin
             ... wielding a +0 dagger
              (2 damage)
             ... on level 2 of the Dungeon.
             The game lasted 00:01:11 (1251 turns).

BrokenGlass the Ruffian (Octopode Fighter)          Turns: 1251, Time: 00:01:12

Health: -1/31      AC:  1    Str: 16    XL:     4   Next: 10%
Magic:  4/4        EV: 14    Int: 10    God:
Gold:   38         SH:  0    Dex: 11    Spells: 3/3 levels left

rFire    . . .     SeeInvis .     - Unarmed
rCold    . . .     Gourm    .   (no shield)
rNeg     . . .     Faith    .   (helmet restricted)
rPois    .         Spirit   .   (no amulet)
rElec    .         Reflect  .   (no ring)
rCorr    .         Harm     .   (no ring)
MR       .....                  (no ring)
Stlth    ++........             (no ring)
HPRegen  0.10/turn              (no ring)
MPRegen  0.09/turn              (no ring)
                                (no ring)
                                (no ring)

@: no status effects
A: almost no armour, stealthy swim, amphibious, 8 rings, constrict 8, camouflage
1, gelatinous body 1
a: no special abilities


You were on level 2 of the Dungeon.
You were very hungry.

You visited 1 branch of the dungeon, and saw 2 of its levels.

You collected 38 gold pieces.

Inventory:

Armour
 a - a +0 shield
Scrolls
 e - 3 scrolls of enchant armour {unknown}
 f - a scroll of blinking {unknown}
 h - a scroll of identify {unknown}
 i - 2 scrolls of teleportation {unknown}
 k - a scroll of fear {unknown}
Potions
 b - a potion of might
 d - a potion of flight {unknown}
 g - a potion of heal wounds {unknown}
 j - a potion of ambrosia {unknown}
Comestibles
 c - 2 rations


   Skills:
 - Level 3.0 Fighting
 - Level 3.0 Dodging
 - Level 3.0 Shields
 + Level 4.2 Unarmed Combat


You had 3 spell levels left.
You didn't know any spells.

Dungeon Overview and Level Annotations

Branches:
Dungeon (2/15)

Altars:


Innate Abilities, Weirdness & Mutations

You cannot wear most types of armour.
You are very stealthy in the water. (Stealth+)
You are amphibious.
You can wear up to eight rings at the same time.
You can use your tentacles to constrict eight enemies at once.
Your skin changes colour to match your surroundings (Stealth+).
Your rubbery body absorbs attacks. (AC +1, EV +1)


Message History

You completely miss the gnoll. You tentacle-slap the gnoll.
The gnoll is severely wounded.
You constrict the gnoll. The gnoll barely misses you.
The gnoll hits you with a spear.
* * * LOW HITPOINT WARNING * * *
The kobold hits you.
* * * LOW HITPOINT WARNING * * *
The goblin hits you with a dagger.
* * * LOW HITPOINT WARNING * * *
You tentacle-slap the gnoll but do no damage.
The gnoll is almost dead.
You constrict the gnoll.
You kill the gnoll!
You have reached level 4!
The gnoll closely misses you. The kobold hits you.
* * * LOW HITPOINT WARNING * * *
Unknown command.
Unknown command.
The goblin hits you with a dagger.
You die...

... ...### .....###
...#...# ...#.#.###
........)## ######
....†#+#..# ####....##..
...g## ##.###....#.....#
....# #...$.#g@..# ..###
###..Kg.#### . .##
##.<########.. .#
#)..#........ .##
##.).......# ..###
###..........## #.g.#
#.............# ....##
##.......?......#
.....###.....(.........#


You could see a gnoll, a goblin and a kobold.

Vanquished Creatures
  3 gnolls (D:2)
  An ooze (D:1)
  A dart slug (D:1)
  A leopard gecko (D:1)
  A giant cockroach (D:1)
  5 goblins (D:1)
  A hobgoblin (D:1)
  A quokka (D:2)
  5 bats (D:1)
  5 frilled lizards (D:1)
  3 kobolds
  2 rats (D:1)
29 creatures vanquished.

Notes
Turn   | Place    | Note
-------+----------+-------------------------------------------
     0 | D:1      | BrokenGlass the Octopode Fighter began the quest for the Orb.
     0 | D:1      | Reached XP level 1. HP: 16/16 MP: 1/1
   246 | D:1      | Reached XP level 2. HP: 20/21 MP: 2/2
   266 | D:1      | Reached skill level 3 in Unarmed Combat
   714 | D:1      | Reached XP level 3. HP: 16/26 MP: 3/3
  1031 | D:2      | Reached skill level 4 in Unarmed Combat
  1248 | D:2      | Reached XP level 4. HP: 5/31 MP: 4/4
  1248 | D:2      | HP: 1/31 [kobold (4)]
  1251 | D:2      | Slain by a goblin

Skill      XL: |  1  2  3 |
---------------+----------+-----
Unarmed Combat | 3 4 |  4.2
Fighting       | |  3.0
Dodging        | |  3.0
Shields        | |  3.0

Action                   |  1- 3 |  4- 6 || total
-------------------------+-------+-------++-------
Melee: Unarmed           |    67 |       ||    67
       Constrict         |    15 |       ||    15
       Tentacles         |     8 |       ||     8
       Punch             |     2 |       ||     2
 Stab: Sleeping          |     5 |       ||     5
Armor: Skin              |     5 |       ||     5
Dodge: Dodged            |    50 |     1 ||    51
